 Dungeon Crawl Stone Soup version 0.20.1-1-g8b1a95d (webtiles) character file.

111 Megalobster the Covered (level 4, -1/42 HPs)
             Began as a Deep Dwarf Fighter on Aug 1, 2017.
             Slain by Grinder (5 damage)
             ... on level 3 of the Dungeon.
             The game lasted 00:09:33 (1945 turns).

Megalobster the Covered (Deep Dwarf Fighter)        Turns: 1945, Time: 00:09:33

Health: -1/42      AC:  8    Str: 20    XL:     4   Next: 62%
Magic:  4/4        EV:  7    Int:  9    God:
Gold:   95         SH: 11    Dex: 16    Spells: 3/3 levels left

rFire    . . .     SeeInvis .   a - +1 war axe
rCold    . . .     Gourm    .   c - +1 shield
rNeg     . . .     Faith    .   b - +0 scale mail
rPois    .         Spirit   .   (no helmet)
rElec    .         Reflect  .   (no cloak)
rCorr    .         Harm     .   u - +0 pair of gloves
MR       .....                  (no boots)
Stlth    ..........             (no amulet)
Regen    0.0/turn               A - +4 ring of dexterity
MPRegen  0.1/turn               (no ring)

@: non-regenerating
A: damage resistance, heal wounds, sense surroundings 1, no regeneration
a: Heal Wounds


You were on level 3 of the Dungeon.
You were not hungry.

You visited 1 branch of the dungeon, and saw 3 of its levels.

You collected 95 gold pieces.

Inventory:

Hand Weapons
 a - a +1 war axe (weapon)
 i - a +0 hunting sling
 x - a -3 hand axe
 B - a +0 blowgun
 C - a +0 flail
Missiles
 l - 162 stones (quivered)
 r - 36 poisoned needles
 w - 6 tomahawks
Armour
 b - a +0 scale mail (worn)
 c - a +1 shield (worn)
 t - a +0 chain mail
 u - a +0 pair of gloves (worn)
 v - a +0 plate armour
Jewellery
 A - a +4 ring of dexterity (left hand)
Scrolls
 e - 2 scrolls of fog
 g - a scroll of immolation {unknown}
 j - 2 scrolls of magic mapping
 k - a scroll of random uselessness {unknown}
 m - a scroll of enchant armour
 o - 4 scrolls of identify
 y - a scroll of fear {unknown}
Potions
 d - 3 potions of might
 n - a potion of mutation {unknown}
 z - a potion of heal wounds {unknown}
Comestibles
 f - 4 bread rations
 h - 2 meat rations
 p - 2 royal jellies
 q - a fruit
 s - 5 chunks of flesh


   Skills:
 + Level 3.3 Fighting
 * Level 3.7 Axes
 + Level 4.0 Armour
 + Level 3.9 Shields


You had 3 spell levels left.
You didn't know any spells.

Dungeon Overview and Level Annotations

Branches:
Dungeon (3/15)

Altars:
Vehumet

Annotations:
D:3 Grinder


Innate Abilities, Weirdness & Mutations

You are resistant to damage.
You can heal yourself by infusing magical energy.
You passively map a small area around you.
You do not regenerate.


Message History

Grinder is moderately wounded.
Grinder hits you but does no damage. x2
You hit Grinder.
Grinder is moderately wounded.
Grinder gestures at you.
You suddenly lose the ability to move!
Grinder hits you!
* * * LOW HITPOINT WARNING * * *
You can move again.
You barely miss Grinder.
Grinder is moderately wounded.
Grinder gestures at you.
You shrug off the repeated paralysis!
A rat comes into view.
You hit Grinder.
Grinder is moderately wounded.
Grinder hits you!
* * * LOW HITPOINT WARNING * * *
You writhe in agony.
You die...

#..........)
#######..#########
# #......### ..
#.###### #.* #.# ,
, , , ,
*#!###.###### ,, *
#.r(.......#* ,,,
, , *
#.#.#?###.##*, , *
* *,*#..@.# *
#..5.....# *
#.......### * ,
#.?.....# , , *
#.......# ###### ,
##....... *
,+....# ,
#....####
####....# ...###
#.......#
#.......#


You could see Grinder and a rat.

Vanquished Creatures
  An iguana (D:3)
  3 adders
  An ooze (D:2)
  A worm (D:2)
  A dart slug (D:1)
  An orc (D:3)
  A ball python (D:2)
  10 bats
  4 giant cockroaches
  3 goblins
  4 hobgoblins
  A quokka (D:3)
  4 frilled lizards
  A jackal skeleton (D:3)
  9 kobolds
  12 rats
57 creatures vanquished.

Vanquished Creatures (others)
  7 toadstools (D:3)
7 creatures vanquished.

Grand Total: 64 creatures vanquished

Notes
Turn   | Place    | Note
-------+----------+-------------------------------------------
     0 | D:1      | Megalobster the Deep Dwarf Fighter began the quest for the Orb.
     0 | D:1      | Reached XP level 1. HP: 20/20 MP: 1/1
   252 | D:1      | Reached XP level 2. HP: 24/27 MP: 2/2
   934 | D:2      | Reached XP level 3. HP: 24/34 MP: 3/3
  1719 | D:3      | Found a radiant altar of Vehumet.
  1746 | D:3      | Reached XP level 4. HP: 26/42 MP: 4/4
  1859 | D:3      | Reached skill level 4 in Armour
  1932 | D:3      | Noticed Grinder
  1942 | D:3      | Paralysed by Grinder for 2 turns
  1945 | D:3      | Slain by Grinder

Skill      XL: |  1  2  3  4 |
---------------+-------------+-----
Fighting       | 3 |  3.3
Axes           | 3 |  3.7
Armour         | 4 |  4.0
Shields        | |  3.9

Action                   |  1- 3 |  4- 6 || total
-------------------------+-------+-------++-------
Melee: War axe           |   137 |    36 ||   173
Throw: Stone             |     3 |       ||     3
  Use: Scroll            |     7 |       ||     7
  Eat: Chunk             |     3 |     1 ||     4
Armor: Scale mail        |    61 |    11 ||    72
Dodge: Dodged            |    47 |     9 ||    56
Block: Shield            |    91 |    22 ||   113
